 Dungeon Crawl Stone Soup version 0.32-a0-876-gcfddb08e57 (webtiles) character file.

Game seed: 1608602191587795778

40443 ezpacito the Fighter (level 14, 0/110 HPs)
             Began as a Coglin Chaos Knight on Apr 1, 2024.
             Was a Plaything of Xom.
             Killed from afar by a raiju (13 damage)
             ... with a living lightning
             ... on level 2 of the Abyss.
             The game lasted 00:22:30 (16388 turns).

ezpacito the Fighter (Coglin Chaos Knight)         Turns: 16388, Time: 00:22:31

Health: 0/110      AC: 29    Str: 23    XL:     14   Next: 11%
Magic:  22/22      EV: 15    Int: 11    God:    Xom [......]
Gold:   719        SH:  0    Dex: 28    Spells: 5/24 levels left

rFire   + . .        P - +3 war axe (freeze) {Ælfthryth}
rCold   + . .        O - +7 whip of the Crawling Thing {speed, Str+6 Dex+4}
rNeg    . . .        K - +6 chain mail "Toiceh" {Will- Dex+7}
rPois   .            U - +2 hat
rElec   .            R - +2 cloak
rCorr   .            j - +1 pair of gloves
SInv    .            o - +2 pair of boots
Will    .....        (amulet unavailable)
Stlth   +            (ring unavailable)
HPRegen 0.38/turn    (ring unavailable)
MPRegen 0.18/turn    (no gizmo)

%: clarity
@: revving
A: off-hand wielding, slow wielding, warmup strikes, no jewellery, agile 1,
clarity, cold resistance 1, fire resistance 1, screaming 1, shaggy fur 1,
inability to drink after injury 1
a: Invent Gizmo, Renounce Religion


You were on level 2 of the Abyss.
You worshipped Xom.
You were a very special plaything of Xom.
You visited 2 branches of the dungeon, and saw 16 of its levels.
You visited the Abyss 1 time.

You collected 1014 gold pieces.
You spent 295 gold pieces at shops.

Inventory:

Hand Weapons
 a - a +0 hand axe of chaos {Masaaki}
 v - a +0 heavy trident {Eunwoo}
 F - a +3 hand axe
 I - a +0 lajatang
 N - a +4 scimitar of flaming {Qinisela}
 O - the +7 whip of the Crawling Thing (offhand) {speed, Str+6 Dex+4}
   (You found it on level 10 of the Dungeon)

   Str+6:     It affects your strength (+6).
   Dex+4:     It affects your dexterity (+4).
 P - a +3 war axe of freezing (weapon) {Ælfthryth}
Missiles
 b - 7 curare-tipped darts (quivered)
 g - 5 atropa-tipped darts
 m - 2 throwing nets
 p - 10 poisoned darts
 z - 4 javelins
 B - 8 boomerangs
Armour
 i - a +2 helmet
 j - a +1 pair of gloves (worn)
 o - a +2 pair of boots (worn)
 K - the +6 chain mail "Toiceh" (worn) {Will- Dex+7}
   (Xom gifted it to you on level 11 of the Dungeon)

   Dex+7:     It affects your dexterity (+7).
   Will-:     It decreases your willpower.
 R - a +2 cloak (worn)
 U - a +2 hat (worn)
Magical Staves
 C - a staff of cold
 S - a staff of earth
Talismans
 s - a maw talisman
 M - a blade talisman
Wands
 f - a wand of roots (3)
 k - a wand of flame (20)
 r - a wand of paralysis (1)
 w - a wand of mindburst (3)
 D - a wand of digging (10)
 J - a wand of polymorph (9)
Scrolls
 t - 7 scrolls of teleportation
 u - a scroll of noise
 y - a scroll of amnesia
 E - a scroll of immolation
 G - 2 scrolls of poison
 L - a scroll of fog
Potions
 c - 4 potions of enlightenment
 q - 3 potions of curing
 x - 2 potions of attraction
 A - a potion of magic
 H - 4 potions of lignification
 T - a potion of cancellation


   Skills:
 * Level 10.0 Fighting
 * Level 10.0(10.9) Axes
 + Level 6.2(8.6) Polearms
 * Level 8.9 Armour
 * Level 8.9 Dodging
 + Level 6.1 Stealth
 + Level 5.5 Spellcasting
 + Level 4.1 Necromancy
 + Level 3.2 Air Magic
 + Level 4.5 Alchemy
 + Level 8.5 Evocations


You had 5 spell levels left.
You knew the following spells:

 Your Spells              Type           Power      Damage    Failure   Level
a - Cigotuvi's Dreadful   Necr/Alch/Air  22%        N/A       28%         2
b - Fugue of the Fallen   Necr           12%        N/A       45%         3
c - Tukima's Dance        Hex            3%         N/A       96%         3
d - Ignite Poison         Fire/Alch      8%         N/A       98%         4
e - Dispel Undead         Necr           12%        3d9       86%         4
x - Vampiric Draining     Necr           12%        2d6       45%         3

Your spell library contained the following spells:

 Spells                   Type           Power      Damage    Failure   Level
 Kiss of Death            Conj/Necr      28%        2d7       38%         1
 Slow                     Hex            12%        N/A       67%         1
 Call Canine Familiar     Summ           3%         N/A       96%         3
 Confusing Touch          Hex            3%         N/A       96%         3
 Frozen Ramparts          Ice            6%         1d1       96%         3
 Ozocubu's Armour         Ice            3%         N/A       96%         3
 Sigil of Binding         Hex            3%         N/A       96%         3
 Martyr's Knell           Necr/Summ      7%         N/A       99%         4
 Dimensional Bullseye     Hex/Tloc       1%         N/A       100%        4
 Iskenderun's Mystic Bla Conj/Tloc 3%             2d3        (+2d1     100%        4
 Maxwell's Portable Pile  Tloc           3%         2d(5-10)  100%        4
 Arcjolt                  Conj/Air       3%         1d13      100%        5
 Freezing Cloud           Conj/Ice/Air   2%         6-21      100%        5
 Metabolic Englaciation   Hex/Ice        1%         N/A       100%        5
 Manifold Assault         Tloc           1%         N/A       100%        7
 Maxwell's Capacitive Co  Air            5%         ∞         100%        8


Dungeon Overview and Level Annotations

Branches:
Dungeon (15/15)            Temple (1/1) D:7            Lair (0/5) D:11
    Orc (0/2) D:11         Vaults (0/5) D:14         Depths (0/4) D:15

Altars:
Ashenzari
Cheibriados
Dithmenos
Elyvilon
Fedhas
Gozag
Hepliaklqana
Kikubaaqudgha
Makhleb
Nemelex Xobeh
Okawaru
Qazlal
Ru
Sif Muna
Trog
Uskayaw
Vehumet
Wu Jian
Xom
Yredelemnul
Zin
The Shining One

Shops:
D:1 [   D:4 (   D:11 *

Portals:
Trove: D:13 (give 15 potions of curing)

Annotations:
D:15 Louise


Innate Abilities, Weirdness & Mutations

You can wield a second weapon in your off-hand.
It takes a long time for you to wield or remove held weapons.
Your first few attacks do less damage.
You cannot equip rings or amulets.
You are agile. (Dex +4, Str/Int -1)
You possess an exceptional clarity of mind.
Your flesh is cold resistant. (rC+)
Your flesh is heat resistant. (rF+)
You occasionally shout uncontrollably at your foes.
You are covered in fur. (AC +1)
You occasionally lose the ability to drink potions when taking damage.


Message History

You slash the raiju with your +3 war axe of freezing!
You freeze the raiju.
You barely miss the raiju with your +3 war axe of freezing.
The grasping roots constrict the raiju!
The raiju barely misses you. The raiju bites you.
* * * LOW HITPOINT WARNING * * *
The raiju shocks you!
* * * LOW HITPOINT WARNING * * *
The raiju escapes!
You take 14 damage, and have 22/110 hp.
Aiming: Fastroot
Press: ? - help, Shift-Dir - straight line, p - raiju
Okay, then.
The raiju misses you. The raiju closely misses you.
The raiju bursts into living lightning!
The living lightning hits you!
* * * LOW HITPOINT WARNING * * *
The raiju blinks!
You take 10 damage, and have 12/110 hp.
You whack the raiju with the +7 whip of the Crawling Thing!
The raiju is almost dead.
You hit the raiju with your +3 war axe of freezing.
You freeze the raiju.
You kill the raiju!
You hit the raiju with your +3 war axe of freezing.
You freeze the raiju.
You hit the raiju with your +3 war axe of freezing.
You freeze the raiju.
You slash the raiju with your +3 war axe of freezing!
You freeze the raiju.
You kill the raiju!
The raiju bites you but does no damage. x2
You hit the raiju with the +7 whip of the Crawling Thing.
The raiju is severely wounded.
You closely miss the raiju with your +3 war axe of freezing.
You hit the raiju with your +3 war axe of freezing.
You freeze the raiju. The raiju bites you but does no damage.
The raiju bursts into living lightning!
The living lightning hits you!
You die...

.### #.... ##.. .
............##
.........##..#.#
................
#..##...##..# ###
............##...#
........>.........
.....#....h.##...
..........@..#.
.#......#.h#†#
#...#......#..# #
..#..#.....##
...#....#...
..##.#...## .#.#
#. ## # .


You could see 2 raiju.

Vanquished Creatures
  An entropy weaver (shapeshifter) (D:14)
  Josephine (D:15)
  7 vault guards (D:14)
  A rakshasa (D:15)
  3 hydras
  Erolcha (D:10)
  5 centaur warriors
  2 boulder beetles
  An occultist (D:15)
  2 skeletal warriors (D:12)
  An arcanist (D:15)
  A necromancer (D:15)
  A deep elf pyromancer (D:15)
  2 orc sorcerers (D:15)
  A wolf spider (D:12)
  2 manticores
  6 ugly things
  4 cyclopes
  3 centaur skeletons (D:15)
  2 gargoyles
  An unseen horror (D:13)
  3 efreet
  5 yaktaurs (D:15)
  4 kobold demonologists
  A komodo dragon (D:11)
  A komodo dragon (shapeshifter) (D:13)
  6 trolls
  A harpy skeleton (D:15)
  Grinder (D:5)
  2 raiju (Abyss:2)
  3 slime creatures (D:14)
  A small abomination (Abyss:2)
  4 wraiths
  A centaur simulacrum (D:15)
  8 yaks
  3 wyverns (D:11)
  3 shadows
  2 basilisks
  8 vampire mosquitoes
  A steam dragon (D:8)
  An acid dragon (D:10)
  2 orc warriors
  6 water moccasins
  A swamp drake (D:4)
  2 ice beasts
  2 sky beasts (D:7)
  4 black bears
  4 ogres
  2 laughing skulls (D:14)
  2 centaurs (D:7)
  A wolf (D:11)
  A phantom (D:4)
  A kobold brigand (D:13)
  4 bullfrogs
  2 scorpions
  21 wights
  A burial acolyte (D:8)
  13 killer bees
  An electric eel (D:10)
  2 bombardier beetles
  2 hounds
  6 orc priests
  3 jellies
  Crazy Yiuf (D:2)
  A gnoll bouda (D:7)
  4 iguanas
  2 sleepcaps
  Jessica (D:2)
  4 orc wizards
  2 hound zombies (D:8)
  Robin (D:2)
  11 gnolls
  A river rat (D:10)
  9 adders
  2 shadow imps (D:8)
  A white imp (D:6)
  An adder zombie (D:8)
  6 dart slugs
  31 orcs
  8 endoplasms
  4 giant cockroaches
  2 gnoll zombies (D:8)
  19 goblins
  9 hobgoblins
  4 jackals (D:2)
  3 quokkas
  4 ball pythons
  8 bats
  5 frilled lizards
  13 kobolds
  2 kobold zombies (D:8)
  4 rats
353 creatures vanquished.

Vanquished Creatures (collateral kills)
  A skeletal warrior (D:12)
  An ogre (D:4)
  A black bear (D:4)
  A phantom (D:4)
  A sleepcap (D:4)
5 creatures vanquished.

Vanquished Creatures (others)
  A two-headed ogre (D:10)
  Joseph (D:8)
2 creatures vanquished.

Grand Total: 360 creatures vanquished

Notes
Turn   | Place    | Note
-------+----------+-------------------------------------------
     0 | D:1      | ezpacito the Coglin Chaos Knight began the quest for the
                  | Orb.
     0 | D:1      | Reached XP level 1. HP: 18/18 MP: 1/1
    62 | D:1      | Reached skill level 1 in Dodging
   206 | D:1      | XOM: silly message
   219 | D:1      | Reached XP level 2. HP: 22/24 MP: 2/2
   278 | D:1      | Found Jomyji's Armour Shop.
   437 | D:1      | XOM: silly message
   473 | D:1      | Reached XP level 3. HP: 29/29 MP: 3/3
  1022 | D:2      | XOM: butterfly on damage
  1025 | D:2      | XOM: cast spell 'Summon Small Mammal'
  1139 | D:1      | Reached XP level 4. HP: 10/35 MP: 4/4
  1244 | D:1      | XOM: divination: detect creatures
  1442 | D:2      | XOM: noise
  1514 | D:2      | Noticed Robin
  1529 | D:2      | Killed Robin
  1530 | D:2      | Reached skill level 1 in Polearms
  1530 | D:2      | Reached XP level 5. HP: 25/41 MP: 6/6
  1587 | D:2      | XOM: god gift: chain mail {god gift}
  1728 | D:2      | Reached skill level 1 in Spellcasting
  1752 | D:2      | Found a faded altar of an unknown god.
  1769 | D:2      | Noticed Jessica
  1778 | D:2      | Killed Jessica
  2027 | D:2      | Found a runed translucent door.
  2028 | D:2      | Noticed Crazy Yiuf
  2188 | D:2      | Killed Crazy Yiuf
  2189 | D:2      | Reached skill level 1 in Stealth
  2400 | D:3      | XOM: give mutations
  2400 | D:3      | Gained mutation: You are dopey. (Int -2) [Xom's mischief]
  2400 | D:3      | Lost mutation: You are dopey. (Int -2) [Xom's mischief]
  2441 | D:3      | Reached skill level 1 in Evocations
  2497 | D:3      | Reached XP level 6. HP: 21/48 MP: 7/7
  2706 | D:3      | XOM: summons 1 hostile demon
  2762 | D:3      | XOM: smoke on damage
  2861 | D:3      | XOM: 4-stop teleportation journey
  3255 | D:3      | XOM: draining
  3588 | D:4      | Found Pawkij's Weapon Boutique.
  3617 | D:4      | Bought a +0 trident for 49 gold pieces
  3858 | D:5      | Entered Level 5 of the Dungeon
  3858 | D:5      | Noticed a black bear
  3860 | D:5      | Noticed a water moccasin
  3866 | D:4      | XOM: swap monsters
  3868 | D:4      | a water moccasin changed into a swamp drake
  3868 | D:4      | Noticed a swamp drake
  3868 | D:4      | Killed a swamp drake
  3869 | D:4      | Reached XP level 7. HP: 54/54 MP: 9/9
  3873 | D:5      | XOM: confusion (+ monsters)
  4080 | D:5      | Reached XP level 8. HP: 56/61 MP: 10/10
  4131 | D:5      | XOM: potion effect (haste)
  4208 | D:5      | XOM: silly message
  4316 | D:5      | Noticed Grinder
  4319 | D:5      | XOM: silly message
  4323 | D:5      | XOM: potion effect (haste)
  4325 | D:5      | Paralysed by Grinder for 2 turns
  4329 | D:5      | XOM: divination: detect creatures
  4333 | D:5      | Killed Grinder
  4513 | D:5      | Reached skill level 5 in Axes
  4583 | D:5      | Reached skill level 5 in Fighting
  4999 | D:6      | XOM: blink monster(s)
  5023 | D:6      | Reached XP level 9. HP: 29/68 MP: 12/12
  5187 | D:6      | XOM: noise
  5558 | D:6      | XOM: noise
  5764 | D:7      | Found a staircase to the Ecumenical Temple.
  6055 | D:7      | XOM: noise
  6170 | D:7      | Reached skill level 5 in Armour
  6252 | D:7      | Reached skill level 5 in Dodging
  6338 | D:7      | XOM: silly message
  6347 | D:7      | XOM: enchant monster (bad)
  6356 | D:7      | XOM: confuse monster(s)
  6626 | D:7      | Saving game... please wait.
  6629 | D:7      | XOM: confuse monster(s)
  6631 | D:7      | Reached XP level 10. HP: 76/77 MP: 14/14
  6643 | D:7      | Reached skill level 5 in Evocations
  6849 | D:7      | XOM: summons 5 hostile demons
  6850 | D:7      | Noticed a smoke demon
  6870 | Temple   | Entered the Ecumenical Temple
  6881 | D:7      | XOM: give mutation
  6881 | D:7      | Gained mutation: Your body sometimes deteriorates upon
                  | taking damage. [Xom's mischief]
  6944 | D:8      | Noticed a kobold demonologist
  6955 | D:8      | Killed a kobold demonologist
  7023 | D:7      | XOM: give mutations
  7023 | D:7      | Gained mutation: Your flesh is cold resistant. (rC+) [Xom's
                  | mischief]
  7023 | D:7      | Gained mutation: You are frail. (-10% HP) [Xom's mischief]
  7023 | D:7      | Gained mutation: You are covered in fur. (AC +1) [Xom's
                  | mischief]
  7160 | D:8      | XOM: repel stairs
  7348 | D:8      | Noticed Joseph
  7361 | D:8      | Killed Joseph
  7463 | D:8      | XOM: summons 2 hostile demons
  7466 | D:8      | XOM: polymorph iron imp -> shadow imp
  7665 | D:8      | XOM: 1-stop teleportation journey
  7739 | D:8      | XOM: enchant monster (good)
  7808 | D:8      | XOM: enchant monster (good)
  7874 | D:8      | XOM: divination: detect creatures
  8004 | D:8      | Found an ancient bone altar of Kikubaaqudgha.
  8102 | D:9      | XOM: potion effect (might)
  8309 | D:9      | XOM: silly message
  8309 | D:9      | XOM: smoke on damage
  8314 | D:9      | Reached XP level 11. HP: 32/75 MP: 16/16
  8555 | D:9      | Learned a level 2 spell: Cigotuvi's Dreadful Rot
  8559 | D:9      | Learned a level 3 spell: Fugue of the Fallen
  8563 | D:9      | Learned a level 3 spell: Tukima's Dance
  8567 | D:9      | Learned a level 3 spell: Vampiric Draining
  8572 | D:9      | Learned a level 4 spell: Ignite Poison
  8716 | D:10     | Entered Level 10 of the Dungeon
  8725 | D:10     | Noticed Erolcha
  8734 | D:10     | Killed Erolcha
  8826 | D:10     | XOM: silly message
  9050 | D:10     | Noticed a two-headed ogre
  9056 | D:10     | Killed a two-headed ogre
  9058 | D:10     | Reached skill level 1 in Alchemy
  9306 | D:10     | XOM: smoke on damage
  9568 | D:10     | Identified the +7 whip of the Crawling Thing {speed, Str+6
                  | Dex+4}
  9806 | D:10     | Reached skill level 1 in Necromancy
  9885 | D:10     | XOM: divination: detect creatures
 10389 | D:10     | XOM: give mutations
 10389 | D:10     | Gained mutation: You have an increased reservoir of magic.
                  | (+10% MP) [Xom's grace]
 10389 | D:10     | Gained mutation: Your muscles are strong. (Str +4, Int/Dex
                  | -1) [Xom's grace]
 10435 | D:11     | Noticed a cyclops
 10441 | D:11     | Killed a cyclops
 10591 | D:11     | Identified the +6 chain mail "Toiceh" {Will- Dex+7} (Xom
                  | gifted it to you on level 11 of the Dungeon)
 10591 | D:11     | XOM: god gift: +6 chain mail "Toiceh" {Will- Dex+7}
 10631 | D:11     | Found a staircase to the Lair.
 10638 | D:11     | XOM: enchant monster (good)
 10640 | D:11     | XOM: scenery: summon butterflies
 10649 | D:11     | XOM: potion effect (attraction)
 10650 | D:11     | XOM: divination: detect creatures
 10655 | D:11     | XOM: potion effect (might)
 10682 | D:11     | Noticed a boulder beetle
 10691 | D:11     | Killed a boulder beetle
 10906 | D:11     | Found a staircase to the Orcish Mines.
 10910 | D:11     | Reached XP level 12. HP: 83/83 MP: 20/20
 10976 | D:11     | Found Modeis's Assorted Antiques.
 10982 | D:11     | Learned a level 4 spell: Dispel Undead
 10991 | D:11     | Bought a potion of curing for 84 gold pieces
 10991 | D:11     | Bought 2 glowing sapphire potions for 50 gold pieces
 10991 | D:11     | Bought a scroll of poison for 112 gold pieces
 11184 | D:12     | Reached skill level 5 in Polearms
 11406 | D:12     | XOM: god gift: knobbly glowing staff {god gift}
 11636 | D:12     | XOM: cast spell 'Leda's Liquefaction'
 11642 | D:12     | Reached skill level 5 in Stealth
 11657 | D:12     | XOM: divination: detect items
 11962 | D:12     | XOM: cloud trail
 12032 | D:12     | XOM: divination: magic mapping
 12278 | D:13     | XOM: potion effect (haste)
 12282 | D:13     | Reached skill level 1 in Air Magic
 12385 | D:13     | Noticed a centaur warrior
 12393 | D:13     | XOM: potion effect (brilliance)
 12580 | D:13     | XOM: divination: detect creatures
 12584 | D:13     | Killed a centaur warrior
 12798 | D:13     | XOM: give mutations
 12798 | D:13     | Gained mutation: You are agile. (Dex +4, Str/Int -1) [Xom's
                  | grace]
 12798 | D:13     | Gained mutation: You have a pair of small antennae on your
                  | head. [Xom's grace]
 12798 | D:13     | Gained mutation: Your mind is acute. (Int +4, Str/Dex -1)
                  | [Xom's grace]
 12798 | D:13     | Gained mutation: You expend magic power (3 MP) to
                  | strengthen your wands. [Xom's grace]
 12832 | D:13     | Noticed a centaur warrior
 12838 | D:13     | XOM: 2-stop teleportation journey
 12898 | D:13     | XOM: 4-stop teleportation journey
 12920 | D:13     | Killed a centaur warrior
 13079 | D:13     | Noticed a centaur warrior
 13082 | D:13     | XOM: confuse monster(s)
 13084 | D:13     | Killed a centaur warrior
 13118 | D:13     | XOM: give mutations
 13118 | D:13     | Gained mutation: Your flesh is heat resistant. (rF+) [Xom's
                  | grace]
 13118 | D:13     | Gained mutation: You possess an exceptional clarity of
                  | mind. [Xom's grace]
 13315 | D:13     | Found a portal to a secret trove of treasure.
 13842 | D:14     | Reached XP level 13. HP: 64/90 MP: 22/22
 13848 | D:14     | Reached skill level 5 in Spellcasting
 14013 | D:14     | XOM: noise
 14113 | D:14     | Identified the +4 chain mail "Pimaeth" {Dex+4 Stlth+}
 14126 | D:14     | Noticed a vault guard
 14126 | D:14     | Noticed a vault guard
 14129 | D:14     | Noticed a vault guard
 14130 | D:14     | XOM: potion effect (attraction)
 14130 | D:14     | Noticed a vault guard
 14305 | D:14     | XOM: 10-stop teleportation journey
 14365 | D:14     | Noticed an entropy weaver
 14372 | D:14     | Killed an entropy weaver
 14417 | D:14     | Killed a vault guard
 14482 | D:14     | Noticed a vault guard
 14488 | D:14     | XOM: chaos upgrade
 14498 | D:14     | Killed a vault guard
 14556 | D:14     | XOM: summons 7 hostile demons
 14563 | D:14     | XOM: torment (40/90 hp)
 14699 | D:14     | XOM is BORED!
 14783 | D:14     | XOM: give mutations
 14783 | D:14     | Lost mutation: Your muscles are strong. (Str +4, Int/Dex
                  | -1) [Xom's mischief]
 14783 | D:14     | Lost mutation: You are frail. (-10% HP) [Xom's mischief]
 14783 | D:14     | Lost mutation: You are covered in fur. (AC +1) [Xom's
                  | mischief]
 14793 | D:14     | Noticed a vault guard
 14798 | D:14     | Noticed a vault guard
 14800 | D:14     | Noticed a vault guard
 14803 | D:14     | XOM: scenery: 1 doors close
 14806 | D:14     | Killed a vault guard
 14808 | D:14     | Killed a vault guard
 14816 | D:14     | Killed a vault guard
 14927 | D:14     | XOM: 5-stop teleportation journey
 14978 | D:14     | Found a gate to the Vaults.
 15088 | D:14     | Killed a vault guard
 15233 | D:14     | Killed a vault guard
 15233 | D:14     | XOM: scenery: 1 doors close
 15457 | D:15     | Entered Level 15 of the Dungeon
 15676 | D:15     | XOM: god gift: 3 stones
 15691 | D:15     | XOM: give mutations
 15691 | D:15     | Lost mutation: You possess an exceptional clarity of mind.
                  | [Xom's mischief]
 15691 | D:15     | Gained mutation: You are covered in fur. (AC +1) [Xom's
                  | mischief]
 15747 | D:15     | XOM: enchant monster (bad)
 15750 | D:15     | XOM: divination: magic mapping
 15770 | D:15     | Noticed Josephine
 15771 | D:15     | XOM: silly message
 15776 | D:15     | Killed Josephine
 15808 | D:15     | XOM: 4-stop teleportation journey
 15891 | D:15     | XOM: enchant monster (good)
 15907 | D:15     | Noticed a rakshasa
 15920 | D:15     | Killed a rakshasa
 15937 | D:15     | Found a staircase to the Depths.
 15939 | D:15     | XOM: confuse monster(s)
 16110 | D:15     | Reached XP level 14. HP: 65/109 MP: 14/24
 16118 | D:15     | XOM: divination: detect items
 16237 | D:15     | Reached skill level 10 in Fighting
 16275 | D:15     | XOM: 2-stop teleportation journey
 16278 | D:15     | Noticed Louise
 16280 | D:15     | Lost mutation: Your body sometimes deteriorates upon taking
                  | damage. [potion of mutation]
 16280 | D:15     | Lost mutation: Your mind is acute. (Int +4, Str/Dex -1)
                  | [potion of mutation]
 16280 | D:15     | Lost mutation: You have an increased reservoir of magic.
                  | (+10% MP) [potion of mutation]
 16280 | D:15     | Gained mutation: You possess an exceptional clarity of
                  | mind. [potion of mutation]
 16284 | D:15     | Reached skill level 10 in Axes
 16290 | D:15     | XOM: give mutations
 16290 | D:15     | Lost mutation: You have a pair of small antennae on your
                  | head. [Xom's mischief]
 16290 | D:15     | Lost mutation: You expend magic power (3 MP) to strengthen
                  | your wands. [Xom's mischief]
 16290 | D:15     | Gained mutation: You occasionally shout uncontrollably at
                  | your foes. [Xom's mischief]
 16290 | D:15     | Gained mutation: You occasionally lose the ability to drink
                  | potions when taking damage. [Xom's mischief]
 16293 | Abyss:2  | Cast into level 2 of the Abyss (Louise)
 16388 | Abyss:2  | Killed from afar by a raiju

Illustrated notes

Levels and vault maps discovered:
D:1:      dpeg_arrival_oval, layout_basic, serial_shops, shop,
          minmay_misc_feat_plants
D:2:      layout_basic, hellmonk_ecumenical_altar_pennies_from_heaven,
          dreamdust_mushroom_princess, minmay_small_reverse_x, uniq_robin,
          uniq_jessica, uniq_crazy_yiuf_cottage
D:3:      layout_loops_ring, chequers_serial_rivers_micro_b, minivault_5
D:4:      layout_rooms, serial_shops, nicolae_stop_n_shop_2,
          nicolae_eternal_life
D:5:      layout_basic, uniq_grinder
D:6:      layout_loops_ring, minmay_misc_feat_enclosed, st_stairs_10
D:7:      layout_basic, temple_doors_e
D:8:      layout_rooms, regret_index_kikubaaqudgha_part_by_part, uniq_joseph
D:9:      layout_cross
D:10:     layout_basic, grunt_decor_resistance, amcnicky_mini_corridor_feature,
          uniq_erolcha
D:11:     layout_rooms, minmay_lair_entry_grove, serial_shops,
          nicolae_shop_peninsula
D:12:     layout_grid_maze, serial_rivers, chequers_serial_rivers_small_a,
          chequers_serial_rivers_marsh, chequers_serial_rivers_micro_d,
          chequers_serial_rivers_small_a, chequers_serial_rivers_marsh,
          chequers_serial_rivers_small_b
D:13:     layout_small_grid, nicolae_trove_entry_columns
D:14:     layout_stronghold, erik_vaults_2, lemuel_flamethrower_1
D:15:     grunt_enter_depths_magical_seal, layout_basic,
          hangedman_abyss_or_decor_stabs, uniq_louise, uniq_josephine
Temple:   nicolae_temple_bog_church
Abyss:2:  base: Temple, evilmike_abyss_exit_17

Skill      XL: |  1  2  3  4  5  6  7  8  9 10 11 12 13 14 |
---------------+-------------------------------------------+-----
Dodging        | 1 2 3 4 5 6 7 8 |  8.9
Armour         | 2 3 4 5 6 7 8 |  8.9
Polearms       | 1 2 3 4 5 6 |  6.2
Spellcasting   | 1 2 3 4 5 |  5.5
Stealth        | 1 2 3 4 5 6 |  6.1
Evocations     | 1 2 3 4 6 7 8 |  8.5
Fighting       | 4 5 6 7 8 9 10 | 10.0
Axes           | 4 5 6 7 8 9 10 | 10.0
Alchemy        | 2 3 4 |  4.5
Necromancy     | 1 3 4 |  4.1
Air Magic      | 2 3 |  3.2

Action                     |  1- 3 |  4- 6 |  7- 9 | 10-12 | 13-15 || total
---------------------------+-------+-------+-------+-------+-------++-------
  Melee: Dagger            |    23 |       |       |       |       ||    23
         Hand axe          |    52 |   157 |   176 |   208 |       ||   593
         Spear             |    41 |   164 |       |       |       ||   205
         Trident           |       |    12 |   216 |   232 |       ||   460
         War axe           |       |       |       |   216 |   178 ||   394
         Whip              |       |       |       |   195 |   174 ||   369
         Scimitar          |       |       |       |       |     4 ||     4
  Evoke: Wand              |       |       |       |    11 |    27 ||    38
    Use: Scroll            |     1 |       |    13 |    13 |     5 ||    32
         Potion            |       |     3 |     4 |    11 |     8 ||    26
   Stab: Confused          |       |     2 |     1 |     7 |    11 ||    21
         Distracted        |       |       |     1 |       |     1 ||     2
         Held in net/web   |       |       |     1 |       |       ||     1
         Paralysed         |       |       |       |     2 |     3 ||     5
         Invisible         |       |       |       |       |     6 ||     6
         Sleeping          |       |       |       |       |     2 ||     2
 Armour: Leather armour    |    38 |    40 |       |       |       ||    78
         Chain mail        |       |    95 |   197 |   454 |   177 ||   923
  Dodge: Dodged            |    36 |    63 |    97 |   273 |   119 ||   588

Table legend: (Time is in decaauts)
 A = Elapsed time spent in this place.
 B = Non-inter-level travel time spent in this place.
 C = Inter-level travel time spent in this place.
 D = Time resting spent in this place.
 E = Time spent auto-exploring this place.
 F = Levels seen in this place.
 G = Mean time per level.
                   A        B        C        D        E       F      G
               +--------+--------+--------+--------+--------+-----+--------+
         Total |  16300 |  15776 |    524 |    806 |  12376 |  17 |  958.8 |
       Dungeon |  16205 |  15681 |    524 |    733 |  12376 |  15 | 1080.3 |
        Temple |      2 |      2 |      0 |      0 |      0 |   1 |    2.0 |
         Abyss |     92 |     92 |      0 |     72 |      0 |   1 |   92.0 |
               +--------+--------+--------+--------+--------+-----+--------+

Top non-repeatable levels by time:
    D:14: 1931 daAuts
    D:10: 1724 daAuts
     D:7: 1327 daAuts
     D:1: 1221 daAuts
    D:13: 1188 daAuts
    D:12: 1178 daAuts
     D:2: 1161 daAuts
     D:8: 1085 daAuts
     D:6: 997 daAuts
     D:3: 915 daAuts
    D:15: 787 daAuts
     D:5: 708 daAuts
     D:4: 704 daAuts
    D:11: 643 daAuts
     D:9: 630 daAuts
